 Dungeon Crawl Stone Soup version 0.17-a0-1020-ge683cc4 (webtiles) character file.

6225 PhynixH2O the Protected (level 10, -5/79 HPs)
             Began as a Demonspawn Berserker on May 15, 2015.
             Was a High Priest of Trog.
             Slain by a yak (6 damage)
             ... on level 1 of the Lair of Beasts.
             The game lasted 00:44:06 (9309 turns).

PhynixH2O the Protected (Demonspawn Berserker)      Turns: 9309, Time: 00:44:06

Health: -5/79      AC: 14    Str: 26    XL:     10   Next: 61%
Magic:  3/3        EV:  5    Int:  8    God:    Trog [*****.]
Gold:   598        SH: 10    Dex: 11    Spells: 0 memorised, 9 levels left

rFire  + + +     SeeInvis .     H - +2 eveningstar (antimagic)
rCold  . . .     Clarity  .     r - +0 fire dragon armour
rNeg   . . .     SustAb   .     a - +0 shield
rPois  .         Gourm    .     (helmet restricted)
rElec  .         Spirit   .     (no cloak)
rCorr  +         Warding  .     j - +0 pair of gloves
rMut   .         Stasis   .     (no boots)
MR     .....                    p - amulet of resist corrosion
Stlth  +.........               D - ring of protection from fire
                                n - ring of stealth

@: mighty, exhausted, slowed, very slow, not resistant to hostile enchantments,
very unstealthy
A: horns 2, thin metallic scales 1, clumsy 1, cold resistance 1, low mp 1,
powered by pain 1, spiny 1
a: Burn Spellbooks, Berserk, Trog's Hand, Brothers in Arms, Renounce Religion


You were on level 1 of the Lair of Beasts.
You worshipped Trog.
Trog was extremely pleased with you.
You were near starving.

You visited 2 branches of the dungeon, and saw 10 of its levels.

You collected 598 gold pieces.

Inventory:

Hand weapons
 v - a +0 flail of protection
 B - a +0 hand crossbow
 H - a +2 antimagic eveningstar (weapon)
Armour
 a - a +0 shield (worn)
 j - a +0 pair of gloves (worn)
 r - a +0 fire dragon armour (worn)
Jewellery
 n - a ring of stealth (left hand)
 p - an amulet of resist corrosion (around neck)
 D - a ring of protection from fire (right hand)
 F - an uncursed ring of magical power {unknown}
 K - a cursed ring of wizardry {unknown}
 M - an uncursed ring of stealth
 O - an uncursed amulet of clarity {unknown}
Magical devices
 C - a wand of enslavement (17)
 J - a wand of frost (29)
Scrolls
 b - a scroll of recharging
 d - a scroll of noise {unknown}
 e - 3 scrolls of remove curse
 h - 3 scrolls of amnesia
 i - 5 scrolls of teleportation
 m - 5 scrolls of identify
 o - 2 scrolls of enchant armour {unknown}
 u - 3 scrolls of fear {unknown}
 x - a scroll of blinking {unknown}
 y - a scroll of vulnerability {unknown}
 E - 2 scrolls of random uselessness {unknown}
 G - a scroll of magic mapping {unknown}
 L - a scroll of immolation {unknown}
Potions
 g - a potion of agility {unknown}
 k - 5 potions of curing
 s - a potion of berserk rage
 t - 2 potions of heal wounds
 w - 2 potions of ambrosia {unknown}
 z - a potion of might
 A - 2 potions of invisibility {unknown}
 I - a potion of lignification {unknown}
Comestibles
 c - 8 bread rations
 f - 4 meat rations
 l - 9 beef jerkies
 q - a royal jelly
 N - a chunk of flesh


   Skills:
 - Level 7.5 Fighting
 + Level 8.0 Maces & Flails
 + Level 8.8 Armour
 - Level 5.7 Dodging
 + Level 4.3 Shields


You had 9 spell levels left.
You didn't know any spells.

Dungeon Overview and Level Annotations

Branches:
Dungeon (9/15)             Temple (0/1) D:4            Lair (1/8) D:9
    Orc: D:9-12

Altars:
Cheibriados
Fedhas
Nemelex Xobeh
Qazlal
Sif Muna
Trog
Zin


Innate Abilities, Weirdness & Mutations

You have a pair of horns on your head.
You are partially covered in thin metallic scales (AC +2).
You sometimes gain a little power by taking damage.
You are partially covered in sharp spines.
You are clumsy. (Dex -2)
Your flesh is cold resistant.
Your magical capacity is low (-10% MP).


Message History

The yak is heavily wounded.
The yak gores you! The yak is struck by your spines. The yak gores you!
The yak is struck by your spines. The yak gores you.
* * * LOW HITPOINT WARNING * * *
The yak is struck by your spines. The yak gores you but does no damage.
The yak is struck by your spines. The yak gores you.
* * * LOW HITPOINT WARNING * * *
The yak barely misses you. The yak gores you but does no damage.
The yak is struck by your spines. The yak completely misses you.
There is a staircase back to the Dungeon, spattered with blood here.
The yak is struck by your spines. The yak gores you!
* * * LOW HITPOINT WARNING * * *
You focus on the pain.
You feel very mighty all of a sudden. The yak gores you but does no damage.
The yak is struck by your spines. The yak gores you!
* * * LOW HITPOINT WARNING * * *
The yak gores you but does no damage. The yak is struck by your spines.
The yak gores you.
You die...

.. ########.P.
#####P#@....$..
......YYY..#P..
#######t##.#
#.!..Y.......
##.##..#.#... #
#.## # .. ... #
... ..#


You could see 4 yaks and a crocodile.

Vanquished Creatures
  Pikel (D:4)
  A fire drake (D:9)
  2 wyverns (D:7)
  Sigmund (D:4)
  6 yaks (Lair:1)
  Edmund (D:4)
  2 water moccasins
  2 ice beasts
  2 orc warriors
  7 ogres
  A slave (D:4)
  2 phantoms (D:5)
  4 centaurs
  4 giant frogs
  Blork the orc (D:4)
  3 big kobolds (D:7)
  A wyvern zombie (D:9)
  A scorpion (D:5)
  5 wights (D:8)
  7 killer bees
  7 crimson imps
  7 orc wizards
  A gnoll shaman (D:4)
  2 giant frog zombies (D:6)
  A centaur zombie (D:7)
  3 hounds
  An orc priest (D:7)
  3 jellies
  2 giant frog skeletons
  5 worker ants
  8 adders
  10 gnolls
  A shadow imp (D:9)
  2 oozes
  2 adder skeletons
  2 adder zombies
  3 worms
  4 giant geckos
  15 orcs
  3 bat skeletons
  8 giant cockroaches
  11 hobgoblins
  9 jackals
  35 kobolds
  6 bats
  A giant gecko skeleton (D:4)
  A giant gecko zombie (D:6)
  2 giant newts
  14 goblins
  A jackal skeleton (D:5)
  4 quokkas
  19 rats
247 creatures vanquished.

Vanquished Creatures (others)
  A hound zombie (D:7)
  An adder (D:4)
  3 gnolls (D:4)
  A hobgoblin (D:4)
  A kobold (D:4)
7 creatures vanquished.

Grand Total: 254 creatures vanquished

Notes
Turn   | Place    | Note
--------------------------------------------------------------
     0 | D:1      | PhynixH2O the Demonspawn Berserker began the quest for the Orb.
     0 | D:1      | Reached XP level 1. HP: 18/18 MP: 1/1
    77 | D:1      | You fall through a shaft!
   371 | D:1      | Gained mutation: You have a pair of small horns on your head. [demonic ancestry]
   371 | D:1      | Reached XP level 2. HP: 17/24 MP: 2/2
   915 | D:1      | Gained mutation: You sometimes gain a little power by taking damage. [demonic ancestry]
   915 | D:1      | Reached XP level 3. HP: 26/29 MP: 3/3
   924 | D:2      | Acquired Trog's second power
  1765 | D:3      | Gained mutation: You are partially covered in thin metallic scales (AC +2). [demonic ancestry]
  1765 | D:3      | Reached XP level 4. HP: 30/35 MP: 4/4
  2024 | D:3      | Found a snail-covered altar of Cheibriados.
  2024 | D:3      | Found a blossoming altar of Fedhas.
  2032 | D:3      | Found a deep blue altar of Sif Muna.
  2202 | D:3      | Gained mutation: You are partially covered in sharp spines. [demonic ancestry]
  2202 | D:3      | Reached XP level 5. HP: 38/41 MP: 5/5
  2233 | D:3      | Found a stormy altar of Qazlal.
  2233 | D:3      | Found a sparkling altar of Nemelex Xobeh.
  2413 | D:4      | Noticed Sigmund
  2413 | D:4      | Noticed Blork the orc
  2496 | D:4      | Noticed an ogre
  2518 | D:4      | Killed an ogre
  2518 | D:4      | Reached skill level 4 in Maces & Flails
  2726 | D:4      | Killed Sigmund
  2726 | D:4      | Reached XP level 6. HP: 48/48 MP: 6/6
  2737 | D:4      | Noticed Pikel
  2737 | D:4      | Noticed a slave
  2737 | D:4      | Noticed a slave
  2737 | D:4      | Noticed a slave
  2737 | D:4      | Noticed a slave
  2748 | D:4      | Killed a slave
  2765 | D:4      | Killed Pikel
  2765 | D:4      | Reached skill level 5 in Fighting
  2765 | D:4      | Reached skill level 5 in Maces & Flails
  2765 | D:4      | Reached skill level 5 in Dodging
  2765 | D:4      | Reached XP level 7. HP: 42/56 MP: 7/7
  2894 | D:4      | Noticed Edmund
  2906 | D:4      | Killed Edmund
  2906 | D:4      | Reached XP level 8. HP: 62/62 MP: 8/8
  2963 | D:4      | Killed Blork the orc
  2979 | D:4      | Gained mutation: Your flesh is cold resistant. [potion of mutation]
  2979 | D:4      | Gained mutation: You are clumsy. (Dex -2) [potion of mutation]
  2979 | D:4      | Gained mutation: Your magical capacity is low (-10% MP). [potion of mutation]
  3222 | D:4      | Found a staircase to the Ecumenical Temple.
  3504 | D:4      | Found a glowing silver altar of Zin.
  3715 | D:5      | Entered Level 5 of the Dungeon
  3843 | D:5      | Reached skill level 6 in Maces & Flails
  4284 | D:5      | Acquired Trog's third power
  4349 | D:6      | Reached skill level 5 in Armour
  4475 | D:6      | Gained mutation: You have a pair of horns on your head. [demonic ancestry]
  4475 | D:6      | Reached XP level 9. HP: 64/69 MP: 8/8
  4626 | D:6      | Reached skill level 1 in Shields
  5631 | D:7      | Reached skill level 7 in Maces & Flails
  5906 | D:7      | Received a gift from Trog
  6232 | D:7      | Found a bloodstained altar of Trog.
  7000 | D:8      | Reached XP level 10. HP: 71/79 MP: 3/9
  7232 | D:8      | Reached skill level 8 in Armour
  8420 | D:9      | Found a staircase to the Lair.
  9281 | Lair:1   | Entered Level 1 of the Lair of Beasts
  9309 | Lair:1   | HP: 1/79 [yak (10)]
  9309 | Lair:1   | Slain by a yak

Vault maps used:
D:1:      tarquinn_simple_flora_water_e
D:3:      nicolae_overflow_hidden_temple
D:4:      overflow_temple_1_default, temple_doors_a, first_bread,
          lemuel_old_faithful, uniq_pikel, uniq_sigmund, uniq_blork_the_orc,
          uniq_edmund
D:5:      corexii_shack, st_stairs_11, feat_on_display
D:6:      hangedman_cross_stitches, minmay_misc_feat_x
D:7:      minmay_flawed_box, kennysheep_mini, grunt_ogre_cave
D:8:      grunt_ministairs_5
D:9:      minmay_lair_entry_lava
Lair:1:   basic_altar, st_stairs_11, grunt_megastairs_4, uniq_gastronok

Action                   |  1- 3 |  4- 6 |  7- 9 | 10-12 || total
-------------------------+-------+-------+-------+-------++-------
Melee: Mace              |   125 |    78 |    10 |       ||   213
       Flail             |       |       |   197 |       ||   197
       Eveningstar       |       |       |    61 |    99 ||   160
Invok: Berserk           |     1 |     3 |     8 |     3 ||    15
       Burn Spellbooks   |     1 |       |       |       ||     1
       Trog's Hand       |       |     1 |       |       ||     1
  Use: Scroll            |       |       |     7 |       ||     7
       Potion            |       |       |     5 |       ||     5
 Stab: Sleeping          |       |       |     1 |       ||     1
  Eat: Chunk             |     4 |     5 |    23 |     9 ||    41
